 Dungeon Crawl Stone Soup version 0.29-a0-409-gd843f3a48c (webtiles) character file.

Game seed: 12639775626306804459

464 Essalna the Insei (level 6, 0/52 HPs)
             Began as a Draconian Transmuter on May 13, 2022.
             Was an Initiate of Qazlal.
             Slain by an iguana (9 damage)
             ... on level 6 of the Dungeon.
             The game lasted 00:10:04 (5029 turns).

Essalna the Insei (Draconian Transmuter)            Turns: 5029, Time: 00:10:04

Health: 0/52       AC:  8    Str: 13    XL:     6   Next: 80%
Magic:  9/9        EV: 12    Int: 13    God:    Qazlal [......]
Gold:   364        SH:  0    Dex: 13    Spells: 4/9 levels left

rFire   x . .      SeeInvis .   s - staff of cold
rCold   + + .      Faith    .   (no shield)
rNeg    . . .      Spirit   .   (body armour unavailable)
rPois   .          Reflect  .   (helmet currently unavailable)
rElec   .          Harm     .   (no cloak)
rCorr   +          Rampage  .   r - +1 pair of gloves
Will    .....                   (boots currently unavailable)
Stlth   +.........              d - amulet of the acrobat
HPRegen 0.17/turn               j - ring of ice
MPRegen 0.11/turn               q - ring of resist corrosion

@: appendages (expiring)
A: horns 2, talons 2, AC +6, unfitting armour, cold-blooded
a: End Transformation, Renounce Religion


You were on level 6 of the Dungeon.
You worshipped Qazlal.
Qazlal was noncommittal.
You had temporarily grown beastly horns and talons.
You visited 2 branches of the dungeon, and saw 7 of its levels.

You collected 364 gold pieces.

Inventory:

Missiles
 e - 2 silver javelins
Armour
 r - a +1 pair of gloves (worn)
Magical Staves
 s - a staff of cold (weapon)
Jewellery
 d - an amulet of the acrobat (around neck)
 j - a ring of ice (left hand)
 q - a ring of resist corrosion (right hand)
Scrolls
 b - a scroll of identify
 c - 5 scrolls of teleportation
 f - a scroll of fear
 i - a scroll of blinking
 k - a scroll of enchant armour {unknown}
 t - 2 scrolls of poison {unknown}
 u - a scroll of amnesia {unknown}
Potions
 a - 3 potions of lignification
 g - 3 potions of curing {unknown}
 h - a potion of might {unknown}
 l - a potion of cancellation {unknown}
 m - a potion of berserk rage {unknown}
 n - a potion of degeneration {unknown}
 o - a potion of magic {unknown}
 p - a potion of mutation {unknown}


   Skills:
 + Level 4.2 Fighting
 - Level 1.7 Dodging
 + Level 4.7 Unarmed Combat
 - Level 2.0 Spellcasting
 + Level 4.1 Transmutations
 + Level 2.5 Ice Magic


You had 4 spell levels left.
You knew the following spells:

 Your Spells              Type           Power      Damage    Failure   Level
a - Beastly Appendage     Tmut           24%        N/A       4%          1
b - Ice Form              Ice/Tmut       22%        N/A       54%         4

Your spell library contained the following spells:

 Spells                   Type           Power      Damage    Failure   Level
 Wereblood                Tmut           12%        N/A       7%          2
 Passwall                 Tmut/Erth      5%         N/A       16%         2
 Ensorcelled Hibernation  Hex/Ice        20%        N/A       22%         2
 Spider Form              Tmut/Pois      6%         N/A       32%         3
 Blink                    Tloc           2%         N/A       36%         2
 Static Discharge         Conj/Air       1%         N/A       36%         2
 Call Canine Familiar     Summ           1%         N/A       58%         3
 Lesser Beckoning         Tloc           1%         N/A       58%         3
 Portal Projectile        Hex/Tloc       2%         N/A       58%         3
 Swiftness                Air            1%         N/A       58%         3
 Tukima's Dance           Hex            1%         N/A       58%         3
 Anguish                  Hex/Necr       0%         N/A       94%         4
 Dispel Undead            Necr           1%         3d6       94%         4
 Leda's Liquefaction      Hex/Erth       0%         N/A       94%         4
 Sticky Flame             Conj/Fire      1%         2d3       94%         4
 Manifold Assault         Tloc           1%         N/A       100%        5
 Enfeeble                 Hex            0%         N/A       100%        7


Dungeon Overview and Level Annotations

Branches:
Dungeon (6/15)             Temple (1/1) D:4

Altars:
Ashenzari
Elyvilon
Fedhas
Gozag
Hepliaklqana
Kikubaaqudgha
Makhleb
Nemelex Xobeh
Okawaru
Qazlal
Ru
Sif Muna
Uskayaw
Vehumet
Wu Jian
Xom
Yredelemnul
Zin
The Shining One

Shops:
D:3 [

Annotations:
D:2 Jessica, Sigmund


Innate Abilities, Weirdness & Mutations

You have temporarily grown beastly horns and talons.
Your plain brown scales are hard. (AC +6)
You cannot fit into any form of body armour.
You are cold-blooded and may be slowed by cold attacks.


Message History

You closely miss the kobold. You claw the kobold.
You kill the kobold!
Qazlal accepts your kill.
The kobold hits you with a +0 short sword.
The iguana closely misses you. The kobold closely misses you.
You hit the iguana but do no damage. You claw the iguana, but do no damage.
You tail-slap the iguana.
The iguana is lightly wounded.
Your transformation is almost over.
The iguana bites you. The kobold hits you but does no damage.
The iguana bites you.
You closely miss the iguana.
Your tail-slap misses the iguana.
The iguana is lightly wounded.
The kobold hits you with a +0 short sword.
The iguana bites you!
* * * LOW HITPOINT WARNING * * *
You closely miss the iguana.
You headbutt the iguana, but do no damage.
The iguana is lightly wounded.
The kobold hits you with a +0 short sword.
* * * LOW HITPOINT WARNING * * *
The iguana barely misses you.
You hit the iguana but do no damage. You headbutt the iguana!
You tail-slap the iguana.
The iguana is severely wounded.
The kobold barely misses you. The iguana barely misses you.
You hit the iguana but do no damage.
Your tail-slap misses the iguana.
The iguana is severely wounded.
The kobold hits you but does no damage.
The iguana bites you but does no damage.
The kobold closely misses you.
You barely miss the iguana. You claw the iguana, but do no damage.
You headbutt the iguana, but do no damage.
You tail-slap the iguana.
The iguana is almost dead.
The iguana bites you but does no damage.
The kobold hits you with a +0 short sword.
* * * LOW HITPOINT WARNING * * *
The iguana bites you!
You die...

..# ..# ..#
## ###..#...
#######......
.......!...
####.....#.#
.......@...#
####..lK)###
##..!## ##.##
.. ###


You could see an iguana and a kobold.

Vanquished Creatures
  An ice beast (D:4)
  A black bear (D:4)
  A scorpion (D:4)
  A hound (D:5)
  5 adders
  5 gnolls
  A shadow imp (D:5)
  A white imp (D:4)
  A worm (D:4)
  2 dart slugs
  7 orcs
  6 bats
  6 endoplasms
  3 giant cockroaches
  5 hobgoblins
  3 jackals (D:1)
  A quokka (D:1)
  6 ball pythons
  2 frilled lizards
  12 goblins
  5 kobolds
  3 rats
78 creatures vanquished.

Notes
Turn   | Place    | Note
-------+----------+-------------------------------------------
     0 | D:1      | Essalna the Draconian Transmuter began the quest for the
                  | Orb.
     0 | D:1      | Reached XP level 1. HP: 16/16 MP: 3/3
   340 | D:1      | Reached XP level 2. HP: 23/23 MP: 3/5
  1237 | D:2      | Noticed Sigmund
  1242 | D:2      | Noticed Jessica
  1438 | D:2      | Reached XP level 3. HP: 29/29 MP: 4/6
  1899 | D:2      | Found a faded altar of an unknown god.
  1931 | D:3      | Found an opulent altar of Gozag.
  2112 | D:3      | Found a faded altar of an unknown god.
  2184 | D:3      | Found Faruz's Antique Armour Boutique.
  2214 | D:3      | Identified the +7 dagger "Veluonne" {vamp, Fragile Int+4}
  2410 | D:3      | Found an ancient bone altar of Kikubaaqudgha.
  2414 | D:3      | Found a broken altar of Ashenzari.
  2487 | D:3      | Reached XP level 4. HP: 25/37 MP: 5/7
  2498 | D:3      | Learned a level 4 spell: Ice Form
  3000 | D:4      | Noticed a scorpion
  3012 | D:4      | Killed a scorpion
  3013 | D:4      | Reached XP level 5. HP: 36/45 MP: 8/8
  3106 | D:4      | Reached skill level 1 in Ice Magic
  3180 | D:4      | Noticed an ice beast
  3192 | D:4      | Killed an ice beast
  3284 | D:4      | Noticed a black bear
  3299 | D:4      | Killed a black bear
  3300 | D:4      | Reached XP level 6. HP: 35/52 MP: 7/9
  3587 | D:4      | Found a staircase to the Ecumenical Temple.
  3597 | Temple   | Entered the Ecumenical Temple
  3971 | Temple   | Became a worshipper of Qazlal Stormbringer
  4122 | D:3      | Found a sparkling altar of Nemelex Xobeh.
  4181 | D:4      | Found a blossoming altar of Fedhas.
  4338 | D:5      | Entered Level 5 of the Dungeon
  4477 | D:5      | Found a hide-covered altar of Uskayaw.
  4952 | D:5      | Found an iron altar of Okawaru.
  5029 | D:6      | Slain by an iguana

Illustrated notes

Levels and vault maps discovered:
D:1:      dpeg_arrival_central, layout_basic, chequers_decorated_corner
D:2:      layout_basic, dilly_ecumenical_altar_fadedgnrine,
          roderic_serpentine_path, uniq_jessica, uniq_sigmund
D:3:      layout_basic, nicolae_gozag_seed_capital,
          nicolae_overflow_ecumenical_swirl, grunt_temple_overflow_open,
          serial_shops, nicolae_shop_overgrown_old_shop,
          kennysheep_generic_room_12
D:4:      layout_basic, fedhas_altar_fruit_tree, minmay_temple_entry_tees,
          minmay_ruptured
D:5:      layout_basic, nicolae_uskayaw_murder_on_the_dancefloor,
          okawaru_altar_gauntlet_db, hangedman_decor_lopped
D:6:      layout_loops_ring, trog_three_pillars_becter,
          nicolae_ossuary_entry_false_entrances
Temple:   hc_temple_tempest_star

Skill      XL: |  1  2  3  4  5  6 |
---------------+-------------------+-----
Fighting       | 2 3 4 |  4.2
Transmutations | 3 4 |  4.1
Unarmed Combat | 4 |  4.7
Ice Magic      | 2 |  2.5
Dodging        | |  1.7
Spellcasting   | |  2.0

Action                   |  1- 3 |  4- 6 || total
-------------------------+-------+-------++-------
Melee: Unarmed           |    97 |   105 ||   202
       Kick              |    23 |    34 ||    57
       Headbutt          |    14 |    33 ||    47
       Tailslap          |     4 |    20 ||    24
       Staff             |       |    31 ||    31
       Punch             |       |     1 ||     1
 Cast: Beastly Appendage |    39 |    37 ||    76
  Use: Scroll            |     3 |     3 ||     6
Armor: Skin              |    45 |    34 ||    79
Dodge: Dodged            |   108 |   101 ||   209

Table legend: (Time is in decaauts)
 A = Elapsed time spent in this place.
 B = Non-inter-level travel time spent in this place.
 C = Inter-level travel time spent in this place.
 D = Time resting spent in this place.
 E = Time spent auto-exploring this place.
 F = Levels seen in this place.
 G = Mean time per level.
                   A        B        C        D        E       F      G
               +--------+--------+--------+--------+--------+-----+--------+
         Total |   5041 |   4813 |    228 |      0 |   3979 |   7 |  720.1 |
       Dungeon |   4627 |   4468 |    159 |      0 |   3650 |   6 |  771.2 |
        Temple |    413 |    344 |     69 |      0 |    329 |   1 |  413.0 |
               +--------+--------+--------+--------+--------+-----+--------+

Top non-repeatable levels by time:
     D:1: 1184 daAuts
     D:3: 1069 daAuts
     D:4: 946 daAuts
     D:2: 731 daAuts
     D:5: 684 daAuts
  Temple: 413 daAuts
     D:6: 11 daAuts
